 Dungeon Crawl Stone Soup version 0.29-a0-330-g52719c12eb (webtiles) character file.

Game seed: 10127098774229187058

749 night the Skirmisher (level 7, -6/60 HPs)
             Began as a Barachi Hunter on Apr 26, 2022.
             Engulfed by a steam dragon's steam (16 damage)
             ... on level 6 of the Dungeon.
             The game lasted 00:07:57 (4843 turns).

night the Skirmisher (Barachi Hunter)               Turns: 4843, Time: 00:07:57

Health: -6/60      AC: 10    Str: 13    XL:     7   Next: 78%
Magic:  7/7        EV: 11    Int:  9    God:
Gold:   314        SH:  0    Dex: 17    Spells: 6/6 levels left

rFire   . . .      SeeInvis .   a - +1 shortbow
rCold   . . .      Faith    .   (shield currently unavailable)
rNeg    + . .      Spirit   .   o - +4 ring mail {Will+}
rPois   +          Reflect  .   (no helmet)
rElec   .          Harm     .   (no cloak)
rCorr   .          Rampage  .   (no gloves)
Will    +....                   F - +0 pair of boots
Stlth   +.........              (no amulet)
HPRegen 0.20/turn               d - ring of poison resistance
MPRegen 0.10/turn               n - ring of positive energy

@: unable to hop, slow
A: amphibious, slowness 1, strong legs 1, +LOS
a: Hop


You were on level 6 of the Dungeon.
You visited 1 branch of the dungeon, and saw 6 of its levels.

You collected 314 gold pieces.

Inventory:

Hand Weapons
 a - a +1 shortbow (weapon)
 b - a +0 falchion
Missiles
 e - 8 boomerangs
 i - 71 stones
Armour
 o - a +4 ring mail of willpower (worn)
 F - a +0 pair of boots (worn)
Jewellery
 d - a ring of poison resistance (left hand)
 n - a ring of positive energy (right hand)
 u - a ring of ice
 z - a ring of positive energy
 E - a ring of wizardry
Wands
 x - a wand of flame (24)
 y - a wand of paralysis (8)
 B - a wand of polymorph (9)
Scrolls
 c - 2 scrolls of immolation
 f - 2 scrolls of fog {unknown}
 j - a scroll of fear {unknown}
 k - a scroll of noise {unknown}
 m - 8 scrolls of identify {unknown}
 r - 3 scrolls of teleportation {unknown}
 s - a scroll of amnesia {unknown}
 C - a scroll of enchant weapon {unknown}
 G - a scroll of blinking {unknown}
 H - a scroll of enchant armour {unknown}
Potions
 g - a potion of degeneration {unknown}
 h - 2 potions of heal wounds
 l - a potion of curing {unknown}
 p - 2 potions of flight {unknown}
 q - a potion of resistance {unknown}
 t - a potion of mutation {unknown}
 v - 2 potions of attraction {unknown}
 w - 3 potions of haste {unknown}
 A - a potion of brilliance {unknown}
 D - a potion of lignification {unknown}


   Skills:
 * Level 7.0 Fighting
 + Level 2.8 Long Blades
 * Level 6.8 Bows
 - Level 2.4 Dodging
 - Level 1.2 Stealth


You had 6 spell levels left.
You didn't know any spells.
Your spell library contained the following spells:

 Spells                   Type           Power      Damage    Failure   Level
 Animate Skeleton         Necr           0%         N/A       65%         1
 Magic Dart               Conj           0%         1d3       65%         1
 Ensorcelled Hibernation  Hex/Ice        0%         N/A       80%         2
 Passwall                 Tmut/Erth      0%         N/A       80%         2
 Searing Ray              Conj           0%         2d4       80%         2
 Sublimation of Blood     Necr           0%         N/A       80%         2
 Wereblood                Tmut           0%         N/A       80%         2
 Call Canine Familiar     Summ           0%         N/A       95%         3
 Portal Projectile        Hex/Tloc       0%         N/A       95%         3
 Swiftness                Air            0%         N/A       95%         3
 Vampiric Draining        Necr           0%         2d6       95%         3
 Dispel Undead            Necr           0%         3d6       100%        4
 Fulminant Prism          Conj/Hex       0%         3d6       100%        4
 Leda's Liquefaction      Hex/Erth       0%         N/A       100%        4
 Irradiate                Conj/Tmut      0%         3d13      100%        5
 Yara's Violent Unravell  Hex/Tmut       0%         3d3       100%        5
 Summon Hydra             Summ           0%         N/A       100%        7
 Infestation              Necr           0%         N/A       100%        8
 Necromutation            Tmut/Necr      0%         N/A       100%        8


Dungeon Overview and Level Annotations

Branches:
Dungeon (6/15)
 Temple: D:4-7

Altars:
Dithmenos
Qazlal
Ru
Zin

Annotations:
D:3 2 transporters, WLBjork's ghost, amateur DEAM


Innate Abilities, Weirdness & Mutations

You are amphibious.
You cover ground slowly.
You can hop short distances.
You have an extended range of vision and can be seen from far away.


Message History

You see here a +0 robe.
The shadow imp is engulfed in a cloud of scalding steam.
You shoot an arrow. The arrow hits the steam dragon.
The steam dragon is moderately wounded.
The shadow imp is engulfed in a cloud of scalding steam.
The shadow imp dies!
You shoot an arrow. The arrow hits the steam dragon!
The steam dragon is severely wounded.
The steam dragon bites you. The steam dragon claws you.
You shoot an arrow.
The arrow hits the steam dragon but does no damage.
The steam dragon is severely wounded.
The steam dragon bites you but does no damage.
The steam dragon claws you. The steam dragon bites you!
The steam dragon closely misses you.
You are too injured to fight recklessly!
The steam dragon breathes steam at you. The ball of steam hits you!
* * * LOW HITPOINT WARNING * * *
Hop to where?
Press: ? - help, Dir - move target, p - steam dragon
Okay, then.
Aiming: Throw Flame
Press: ? - help, Shift-Dir - straight line, f/p - steam dragon
Aim: a steam dragon (severely wounded, catching its breath, 68% to hit)
The puff of flame misses the steam dragon.
You are engulfed in a cloud of scalding steam.
* * * LOW HITPOINT WARNING * * *
You feel much better.
You are engulfed in a cloud of scalding steam.
* * * LOW HITPOINT WARNING * * *
The steam dragon bites you but does no damage.
The steam dragon closely misses you.
Hop to where?
Press: ? - help, Dir - move target, p - steam dragon Boing!
The steam dragon breathes steam at you. The ball of steam misses you.
You are engulfed in a cloud of scalding steam.
You die...

#.# #.......# ######.#
#.......# #......#
#.......# #.####.#
#.......# ###.#
#.......# .# #...#
#.......# #..##.
##.#.############.......
#......§§§§§○D[?.#
#.......##@#######.#
#.......##.# §#
#.....<....# D#
#.......##.# D#
##.........# ..
##...####.# .# #### #.#
.# #.. .# ###


There were no monsters in sight!

Vanquished Creatures
  5 scorpions
  A jelly (D:4)
  An orc priest (D:5)
  3 hounds
  Natasha (twice) (D:2)
  An iguana (D:4)
  5 adders
  7 gnolls (D:5)
  A white imp (D:4)
  A worm (D:2)
  4 dart slugs
  11 orcs
  4 endoplasms
  2 giant cockroaches
  16 goblins
  9 hobgoblins
  3 jackals (D:2)
  7 quokkas
  9 ball pythons
  4 bats
  4 frilled lizards
  6 kobolds
  6 rats
112 creatures vanquished.

Vanquished Creatures (others)
  A shadow imp (D:6)
1 creature vanquished.

Grand Total: 113 creatures vanquished

Notes
Turn   | Place    | Note
-------+----------+-------------------------------------------
     0 | D:1      | night the Barachi Hunter began the quest for the Orb.
     0 | D:1      | Reached XP level 1. HP: 17/17 MP: 1/1
    46 | D:1      | Reached skill level 1 in Stealth
   168 | D:1      | Reached XP level 2. HP: 20/23 MP: 2/2
   451 | D:1      | Reached skill level 3 in Fighting
   764 | D:1      | Found a faded altar of an unknown god.
   798 | D:2      | Reached XP level 3. HP: 29/29 MP: 3/3
  1170 | D:2      | Got the Papyrus of Evil
  1383 | D:2      | Found a stormy altar of Qazlal.
  1383 | D:2      | Noticed Natasha
  1390 | D:2      | Killed Natasha
  1391 | D:2      | Reached skill level 4 in Fighting
  1391 | D:2      | Reached XP level 4. HP: 29/37 MP: 4/4
  1759 | D:2      | Noticed Natasha
  1765 | D:2      | Killed Natasha
  1766 | D:2      | Reached skill level 5 in Bows
  1766 | D:2      | Reached XP level 5. HP: 29/43 MP: 5/5
  2189 | D:3      | Noticed WLBjork's ghost (amateur DEAM)
  2205 | D:3      | Found a transporter.
  2211 | D:3      | Found a transporter.
  2698 | D:4      | Reached skill level 5 in Fighting
  2868 | D:4      | Reached XP level 6. HP: 39/51 MP: 6/6
  3815 | D:5      | Entered Level 5 of the Dungeon
  3828 | D:5      | Reached skill level 1 in Long Blades
  3895 | D:5      | Reached skill level 6 in Fighting
  4077 | D:5      | Reached XP level 7. HP: 58/58 MP: 7/7
  4130 | D:5      | Reached skill level 2 in Long Blades
  4148 | D:5      | Found a glowing silver altar of Zin.
  4148 | D:5      | Found a sacrificial altar of Ru.
  4469 | D:5      | Found a shadowy altar of Dithmenos.
  4779 | D:6      | Got the Compendium of Shape Shifting
  4786 | D:6      | Reached skill level 7 in Fighting
  4830 | D:6      | Noticed a steam dragon
  4840 | D:6      | HP: 4/60 [steam dragon] (12)]
  4843 | D:6      | Engulfed by a steam dragon's steam

Illustrated notes

Levels and vault maps discovered:
D:1:      nagdon_arrival_double_spiral, layout_basic,
          hellmonk_ecumenical_altar_inner_sanctum
D:2:      cheibrodos_greedy_goblins, layout_basic, basic_altar, uniq_natasha
D:3:      layout_basic, gammafunk_ghost_arena, chequers_mini_garden,
          grunt_decor_mini_mirrors
D:4:      layout_basic
D:5:      layout_loops_cross, nicolae_dithmenos_shadow_blocks,
          gammafunk_temple_overflow_pools
D:6:      layout_loops_cross, minmay_ogre_servants, uniq_pikel

Skill      XL: |  1  2  3  4  5  6  7 |
---------------+----------------------+-----
Stealth        | 1 |  1.2
Fighting       | 3 4 5 6 7 |  7.0
Bows           | 5 6 |  6.8
Long Blades    | 1 2 |  2.8
Dodging        | |  2.4

Action                   |  1- 3 |  4- 6 |  7- 9 || total
-------------------------+-------+-------+-------++-------
Melee: Falchion          |       |    14 |       ||    14
 Fire: Shortbow          |    98 |   147 |    66 ||   311
 Abil: Hop               |       |     3 |     1 ||     4
Evoke: Wand              |       |     1 |     1 ||     2
  Use: Potion            |       |       |     1 ||     1
Armor: Leather armour    |     5 |     8 |       ||    13
       Ring mail         |       |    25 |    22 ||    47
Dodge: Dodged            |    14 |    61 |    29 ||   104

Table legend: (Time is in decaauts)
 A = Elapsed time spent in this place.
 B = Non-inter-level travel time spent in this place.
 C = Inter-level travel time spent in this place.
 D = Time resting spent in this place.
 E = Time spent auto-exploring this place.
 F = Levels seen in this place.
 G = Mean time per level.
                   A        B        C        D        E       F      G
               +--------+--------+--------+--------+--------+-----+--------+
         Total |   5630 |   5409 |    221 |    319 |   4329 |   6 |  938.3 |
       Dungeon |   5630 |   5409 |    221 |    319 |   4329 |   6 |  938.3 |
               +--------+--------+--------+--------+--------+-----+--------+

Top non-repeatable levels by time:
     D:2: 1432 daAuts
     D:4: 1249 daAuts
     D:5: 1053 daAuts
     D:1: 917 daAuts
     D:3: 844 daAuts
     D:6: 133 daAuts
